 Dungeon Crawl Stone Soup version 0.31-a0-704-g1016066182 (webtiles) character file.

Game seed: 8305372819504376440

273 thefreepie the Firebug (level 6, -2/52 HPs)
             Began as a Hill Orc Fire Elementalist on Sept 9, 2023.
             Was an Initiate of Beogh.
             Slain by a black bear (8 damage)
             ... on level 5 of the Dungeon.
             The game lasted 00:26:10 (4904 turns).

thefreepie the Firebug (Hill Orc Fire Elementalist) Turns: 4904, Time: 00:26:11

Health: -2/52      AC:  3    Str: 11    XL:     6   Next: 23%
Magic:  1/8        EV: 12    Int: 17    God:    Beogh [......]
Gold:   261        SH:  0    Dex: 11    Spells: 5/8 levels left

rFire   . . .        f - staff of conjuration
rCold   . . .        (no shield)
rNeg    . . .        a - +0 robe
rPois   .            (no helmet)
rElec   .            (no cloak)
rCorr   .            c - +0 pair of gloves
SInv    .            (no boots)
Will    .....        (no amulet)
Stlth   ++           (no ring)
HPRegen 0.28/turn    (no ring)
MPRegen 0.11/turn

%: no passive effects
@: no status effects
A: no striking features
a: Renounce Religion


You were on level 5 of the Dungeon.
You worshipped Beogh.
Beogh was noncommittal.
You visited 1 branch of the dungeon, and saw 5 of its levels.

You collected 261 gold pieces.

Inventory:

Hand Weapons
 i - a +0 whip
 r - a +0 dagger
Armour
 a - a +0 robe (worn)
 c - a +0 pair of gloves (worn)
Magical Staves
 f - a staff of conjuration (weapon)
Talismans
 g - a blade talisman
Scrolls
 d - 2 scrolls of teleportation
 e - a scroll of amnesia {unknown}
 h - a scroll of revelation {unknown}
 j - a scroll of torment {unknown}
 k - a scroll of enchant weapon {unknown}
 s - a scroll of identify {unknown}
 u - a scroll of summoning {unknown}
Potions
 b - a potion of magic
 q - a potion of haste {unknown}
 t - a potion of might {unknown}


   Skills:
 + Level 3.9 Fighting
 - Level 1.5 Dodging
 - Level 1.5 Stealth
 - Level 1.5 Spellcasting
 - Level 1.0 Conjurations
 * Level 6.4 Fire Magic


You had 5 spell levels left.
You knew the following spells:

 Your Spells              Type           Power      Damage    Failure   Level
a - Foxfire               Conj/Fire      80%        2x1d8     4%          1
b - Scorch                Fire           46%        2d6       2%          2

Your spell library contained the following spells:

 Spells                   Type           Power      Damage    Failure   Level
 Inner Flame              Hex/Fire       12%        N/A       16%         3
 Volatile Blastmotes      Fire/Tloc      24%        2d12      16%         3
 Flame Wave               Conj/Fire      20%        2d7       41%         4
 Dazzling Flash           Conj/Hex       8%         N/A       45%         3
 Tukima's Dance           Hex            1%         N/A       52%         3
 Iskenderun's Mystic Bla  Conj/Tloc      4%         2d3       86%         4
 Dimensional Bullseye     Hex/Tloc       0%         N/A       90%         4
 Agony                    Necr           1%         N/A       99%         5
 Silence                  Hex/Air        0%         N/A       99%         5


Dungeon Overview and Level Annotations

Branches:
Dungeon (5/15)
 Temple: D:4-7

Altars:
Elyvilon
Fedhas
Hepliaklqana
Kikubaaqudgha
Okawaru
Qazlal
Wu Jian

Annotations:
D:4 Sigmund


Message History

You are very lightly contaminated with residual magic.
Nothing appears to happen.
The black bear is no longer more vulnerable to fire.
The black bear bites you. The black bear claws you.
The black bear closely misses you.
Casting: Scorch (safe; 2% risk of failure)
Confirm with . or Enter, or press ? or * to list all spells.
Flames lash the black bear.
The black bear is almost dead.
The black bear's fire resistance burns away.
The black bear barely misses you. The black bear completely misses you.
The black bear claws you.
* * * LOW HITPOINT WARNING * * *
The black bear closely misses you. x2
The black bear claws you but does no damage.
You feel much better. The black bear barely misses you.
The black bear claws you. The black bear closely misses you.
You barely miss the black bear.
The black bear is almost dead.
The black bear bites you! The black bear claws you.
The black bear barely misses you. The black bear closely misses you.
The black bear barely misses you. The black bear claws you.
The black bear rages.
The black bear is no longer more vulnerable to fire.
The black bear bites you! The black bear barely misses you. x2
There is a stone staircase leading down, spattered with blood here.
The black bear attacks as it pursues you!
The black bear bites you.
* * * LOW HITPOINT WARNING * * *
The black bear barely misses you. x2
Your magical contamination has completely faded away.
The black bear bites you.
* * * LOW HITPOINT WARNING * * *
The black bear claws you but does no damage.
The black bear closely misses you.
Casting: Scorch (safe; 2% risk of failure)
Confirm with . or Enter, or press ? or * to list all spells.
You don't know that spell.
The black bear bites you!
You die...

##########
#..oos....
#.######## ....
#.# ## ###.).
#.# #.. .....
#.# #.. ....
#@# #.# #.. #h#
#.# #.# #S#
#.####.# #.#
#......# #
#>###..###.#..#
#.............#
#####..###.#.##
#..# #.#.#
#..###.#.#


You could see a black bear (berserk) and an adder.

Vanquished Creatures
  A bullfrog (D:4)
  A scorpion (D:4)
  A howler monkey (D:4)
  3 adders
  A worm (D:2)
  2 dart slugs
  2 orcs
  3 endoplasms
  4 giant cockroaches
  9 goblins
  10 hobgoblins
  8 jackals
  5 kobolds
  2 quokkas
  6 ball pythons
  5 bats
  4 frilled lizards
  5 rats
72 creatures vanquished.

Vanquished Creatures (others)
  A scorpion (D:5)
  An orc priest (D:5)
  2 orc wizards (D:5)
  136 foxfires
140 creatures vanquished.

Grand Total: 212 creatures vanquished

Notes
Turn   | Place    | Note
-------+----------+-------------------------------------------
     0 | D:1      | thefreepie the Hill Orc Fire Elementalist began the quest
                  | for the Orb.
     0 | D:1      | Reached XP level 1. HP: 14/14 MP: 3/3
   261 | D:1      | Reached skill level 1 in Fighting
   261 | D:1      | Reached XP level 2. HP: 23/23 MP: 2/4
   766 | D:1      | Reached skill level 4 in Fire Magic
  1165 | D:2      | Reached XP level 3. HP: 27/28 MP: 2/5
  1241 | D:2      | Learned a level 2 spell: Scorch
  1702 | D:2      | Found an ancient bone altar of Kikubaaqudgha.
  2237 | D:3      | Found an ancient bone altar of Kikubaaqudgha.
  2237 | D:3      | Found a white marble altar of Elyvilon.
  2241 | D:3      | Found a stormy altar of Qazlal.
  2255 | D:3      | Found a hazy altar of Hepliaklqana.
  2268 | D:3      | Found an ornate altar of the Wu Jian Council.
  2286 | D:3      | Found an iron altar of Okawaru.
  2451 | D:3      | Reached XP level 4. HP: 36/36 MP: 3/6
  3054 | D:3      | Reached skill level 5 in Fire Magic
  3228 | D:4      | Noticed a bullfrog
  3448 | D:4      | Killed a bullfrog
  3449 | D:4      | Reached XP level 5. HP: 17/45 MP: 0/7
  3733 | D:4      | Noticed Sigmund
  3734 | D:4      | Found a glowing drain.
  4589 | D:5      | Entered Level 5 of the Dungeon
  4589 | D:5      | Found a blossoming altar of Fedhas.
  4603 | D:4      | Reached skill level 6 in Fire Magic
  4614 | D:4      | Reached XP level 6. HP: 37/52 MP: 0/8
  4783 | D:5      | Noticed a black bear
  4848 | D:5      | Became a worshipper of Beogh the Brigand
  4904 | D:5      | Slain by a black bear

Illustrated notes

Levels and vault maps discovered:
D:1:      tarquinn_simple_flora_water_a, layout_loops_ring
D:2:      layout_loops_corners, basic_altar
D:3:      layout_loops_cross, minitemple
D:4:      layout_loops_ring, cheibrodos_sewer_entry_bend,
          minmay_goblin_kobold_house, uniq_sigmund
D:5:      layout_loops_ring, fedhas_altar_1

Skill      XL: |  1  2  3  4  5 |
---------------+----------------+-----
Fighting       | 1 2 3 |  3.9
Fire Magic     | 4 5 6 |  6.4
Dodging        | |  1.5
Stealth        | |  1.5
Spellcasting   | |  1.5
Conjurations   | |  1.0

Action                     |  1- 3 |  4- 6 || total
---------------------------+-------+-------++-------
  Melee: Unarmed           |    15 |       ||    15
         Punch             |     2 |       ||     2
         Staff             |    41 |    14 ||    55
         Dagger            |       |    57 ||    57
   Cast: Foxfire           |    54 |    80 ||   134
         Scorch            |       |     7 ||     7
 Invoke: Convert to Beogh  |       |     1 ||     1
    Use: Scroll            |       |     1 ||     1
         Potion            |       |     8 ||     8
 Armour: Robe              |    39 |   100 ||   139
         Skin              |       |    13 ||    13
  Dodge: Dodged            |    67 |   118 ||   185

Table legend: (Time is in decaauts)
 A = Elapsed time spent in this place.
 B = Non-inter-level travel time spent in this place.
 C = Inter-level travel time spent in this place.
 D = Time resting spent in this place.
 E = Time spent auto-exploring this place.
 F = Levels seen in this place.
 G = Mean time per level.
                   A        B        C        D        E       F      G
               +--------+--------+--------+--------+--------+-----+--------+
         Total |   4917 |   4881 |     36 |    845 |   2649 |   5 |  983.4 |
       Dungeon |   4917 |   4881 |     36 |    845 |   2649 |   5 |  983.4 |
               +--------+--------+--------+--------+--------+-----+--------+

Top non-repeatable levels by time:
     D:4: 1622 daAuts
     D:2: 1081 daAuts
     D:3: 1078 daAuts
     D:1: 1066 daAuts
     D:5: 68 daAuts
